 Dungeon Sprint DCSS version 0.17-a0-1210-g1e4f09d (webtiles) character file.

7396 nuthulu the Bludgeoner (level 10, -1/96 HPs)
             Began as a Minotaur Berserker on June 3, 2015.
             Was a High Priest of Trog.
             Slain by Edmund
             ... wielding a +1 great mace of freezing
              (2 damage)
             ... in the Dungeon (Sprint III: "The Ten Rune Challenge").
             The game lasted 00:07:14 (2125 turns).

nuthulu the Bludgeoner (Minotaur Berserker)         Turns: 2125, Time: 00:07:15

Health: -1/96      AC: 17    Str: 22    XL:     10   Next: 92%
Magic:  9/9        EV: 15    Int: 13    God:    Trog [*****.]
Gold:   2937       SH:  0    Dex: 12    Spells: 0 memorised, 9 levels left

rFire  . . .     SeeInvis +     k - +5 dire flail (crush)
rCold  + . .     Clarity  .     o - +0 chain mail
rNeg   + . .     SustAt   .     (no shield)
rPois  .         Gourm    .     (helmet restricted)
rElec  .         Spirit   .     (no cloak)
rCorr  .         Warding  .     (no gloves)
rMut   .         NoTele   +     (no boots)
MR     .....                    (no amulet)
Stlth  ..........               (no ring)
                                u - ring of Xom's Wrath {rC+ rN+ Str-2 Int+9 SInv}

@: exhausted, slowed, very slow, not resistant to hostile enchantments,
extremely unstealthy
A: retaliatory headbutt, horns 2, rough black scales 1, slimy green scales 1,
agile 1, frail 1
a: Burn Spellbooks, Berserk, Trog's Hand, Brothers in Arms, Renounce Religion


You were in the Dungeon.
You worshipped Trog.
Trog was extremely pleased with you.
You were very hungry.

You visited 1 branch You collected 3346 gold pieces.
You spent 409 gold pieces at shops.

Inventory:

Hand weapons
 a - a +1 mace
 k - a +5 dire flail of crushing (weapon)
Missiles
 j - 3 javelins of penetration (quivered)
Armour
 b - a +0 animal skin
 l - a troll hide {Snorg}
 o - a +0 chain mail (worn)
Jewellery
 u - the ring of Xom's Wrath (left hand) {rC+ rN+ Str-2 Int+9 SInv}
   (You bought it in a shop in the Dungeon)

   [ring of see invisible]

   It affects your strength (-2).
   It affects your intelligence (+9).
   It protects you from cold.
   It protects you from negative energy.
   It lets you see invisible.
Scrolls
 i - 2 scrolls of blinking
 m - 2 scrolls of holy word
 r - 2 scrolls of remove curse
 v - a scroll of immolation {unknown}
Potions
 e - a potion of heal wounds
 f - a potion of haste
 g - 2 potions of magic
 h - a potion of berserk rage
 q - a potion of flight {unknown}
 s - a potion of cure mutation {unknown}
 t - a potion of brilliance {unknown}
 w - a potion of cancellation {unknown}
Comestibles
 c - a bread ration
 p - a royal jelly


   Skills:
 * Level 16.0 Fighting
 * Level 17.5 Maces & Flails
 * Level 10.8 Armour
 * Level 15.1 Dodging


You had 9 spell levels left.
You didn't know any spells.

Dungeon Overview and Level Annotations

Branches:
Dungeon (1/1)

Altars:
Cheibriados
Dithmenos
Elyvilon
Fedhas
Gozag
Kikubaaqudgha
Makhleb
Nemelex Xobeh
Okawaru
Qazlal
Ru
Sif Muna
Trog
Vehumet
Xom
Yredelemnul
Zin
The Shining One
Jiyva
Lugonu

Shops:
D *

Annotations:
D Edmund


Innate Abilities, Weirdness & Mutations

You reflexively headbutt those who attack you in melee.
You have a pair of horns on your head.
You are partially covered in rough black scales (AC +4, Dex -1).
You are partially covered in slimy green scales (AC +2).
You are agile. (Dex +2)
You are frail (-10% HP).


Message History

You impale Edmund!! Your headbutt misses Edmund.
Edmund is moderately wounded.
Edmund misses you.
You impale Edmund!! Your headbutt misses Edmund.
Edmund is heavily wounded.
You puncture Edmund! You headbutt Edmund!
Edmund is severely wounded.
Edmund hits you but does no damage.
You closely miss Edmund. Your headbutt misses Edmund.
Edmund is severely wounded.
You closely miss Edmund. You headbutt Edmund.
Edmund is severely wounded.
You are no longer berserk.
You are exhausted.
You feel as though you will be slow longer.
You are feeling very hungry.
Edmund hits you with an uncursed great mace of freezing!
* * * LOW HITPOINT WARNING * * *
Edmund freezes you.
You die...

)#.#.##.#
)#####################
.)≈§§'.#(()..'.#.#.#.+
.#§≈§#.#(#)..##.#.#.##
.#§§.#.#.#...#.#.#.#.#
.#§.§#...#...##.#.#.##
▓▓▓▓▓▓▓▓▓▓▓▓▓#.#.#.#.#
≈≈≈...##.#.#.#
♣..+T#@#.#.#
♣PP##@#.#.## ♣♣
#'##### ... #...#
#...# #####


You could see Edmund.

Vanquished Creatures
  Sigmund (D)
  A centaur warrior (D)
  An orc high priest (D)
  An unseen horror (D)
  A deep elf priest (D)
  A shadow (D)
  A spatial vortex (D)
  A necrophage (D)
  An earth elemental (D)
  2 centaurs (D)
  A water elemental (D)
  A jelly (D)
  A necromancer (D)
  An orc wizard (D)
  Jessica (D)
  A wizard (D)
  A kobold demonologist (D)
  A wolf (D)
  3 humans (D)
  2 oozes (D)
  3 orcs (D)
  A rat (D)
28 creatures vanquished.

Vanquished Creatures (collateral kills)
  Snorg (D)
  An orc high priest (D)
  An orc warrior (D)
  An orc priest (D)
  2 orc wizards (D)
  8 orcs (D)
14 creatures vanquished.

Vanquished Creatures (others)
  2 draconian scorchers (D)
  A hydra (D)
  3 yaktaurs (D)
  A giant spore (D)
  A plant (D)
8 creatures vanquished.

Grand Total: 50 creatures vanquished

Notes
Turn   | Place    | Note
--------------------------------------------------------------
     0 | D        | nuthulu the Minotaur Berserker began the quest for the Orb.
     0 | D        | Reached XP level 1. HP: 19/19 MP: 0/0
     9 | D        | Reached skill level 4 in Fighting
    73 | D        | Killed a yaktaur
    74 | D        | Reached XP level 2. HP: 17/28 MP: 1/1
   197 | D        | Acquired Trog's second power
   204 | D        | Noticed Jessica
   206 | D        | Killed Jessica
   206 | D        | Reached skill level 5 in Fighting
   206 | D        | Reached skill level 6 in Maces & Flails
   206 | D        | Reached XP level 3. HP: 34/37 MP: 2/2
   304 | D        | Killed a white draconian scorcher
   307 | D        | Killed a white draconian scorcher
   437 | D        | Noticed a wolf
   439 | D        | Killed a wolf
   439 | D        | Reached skill level 7 in Maces & Flails
   439 | D        | Reached XP level 4. HP: 31/45 MP: 3/3
   534 | D        | Gained mutation: You are partially covered in slimy green scales (AC +2). [potion of beneficial mutation]
   535 | D        | Gained mutation: You are partially covered in rough black scales (AC +4, Dex -1). [potion of mutation]
   535 | D        | Lost mutation: You are partially covered in rough black scales (AC +4, Dex -1). [potion of mutation]
   535 | D        | Gained mutation: You are agile. (Dex +2) [potion of mutation]
   536 | D        | Gained mutation: You are frail (-10% HP). [potion of mutation]
   536 | D        | Gained mutation: You are partially covered in rough black scales (AC +4, Dex -1). [potion of mutation]
   604 | D        | Noticed a water elemental
   608 | D        | Killed a water elemental
   608 | D        | Reached skill level 8 in Maces & Flails
   730 | D        | Found a basalt altar of Yredelemnul.
   730 | D        | Found a snail-covered altar of Cheibriados.
   730 | D        | Found a blossoming altar of Fedhas.
   730 | D        | Noticed a necrophage
   730 | D        | Noticed a necromancer
   733 | D        | Killed a necromancer
   733 | D        | Reached XP level 5. HP: 47/47 MP: 4/4
   744 | D        | Killed a necrophage
   744 | D        | Reached skill level 9 in Fighting
   744 | D        | Reached skill level 10 in Maces & Flails
   744 | D        | Reached skill level 5 in Armour
   744 | D        | Reached skill level 5 in Dodging
   796 | D        | Found a glowing silver altar of Zin.
   796 | D        | Found a glowing golden altar of the Shining One.
   796 | D        | Found a white marble altar of Elyvilon.
   796 | D        | Noticed a deep elf priest
   801 | D        | Killed a deep elf priest
   801 | D        | Reached skill level 10 in Fighting
   801 | D        | Reached skill level 11 in Maces & Flails
   801 | D        | Reached XP level 6. HP: 52/60 MP: 5/5
   846 | D        | Found a radiant altar of Vehumet.
   846 | D        | Found a deep blue altar of Sif Muna.
   846 | D        | Found an ancient bone altar of Kikubaaqudgha.
   846 | D        | Noticed a wizard
   848 | D        | Killed a wizard
   848 | D        | Acquired Trog's third power
   854 | D        | Reached XP level 7. HP: 59/65 MP: 6/6
   861 | D        | Received a gift from Trog
   868 | D        | Killed a yaktaur
   886 | D        | Found an iron altar of Okawaru.
   886 | D        | Found a bloodstained altar of Trog.
   886 | D        | Noticed a human
   886 | D        | Noticed a human
   895 | D        | Killed a human
   895 | D        | Reached skill level 12 in Maces & Flails
   900 | D        | Killed a human
   955 | D        | Noticed a jelly
   964 | D        | Killed a jelly
   965 | D        | Noticed a shadow
   970 | D        | Killed a shadow
   970 | D        | Reached skill level 13 in Maces & Flails
   970 | D        | Reached XP level 8. HP: 62/74 MP: 7/7
  1016 | D        | Found a stormy altar of Qazlal.
  1016 | D        | Found a sacrificial altar of Ru.
  1016 | D        | Found a burning altar of Makhleb.
  1016 | D        | Found a shimmering altar of Xom.
  1017 | D        | Noticed a spatial vortex
  1017 | D        | Found a viscous altar of Jiyva.
  1017 | D        | Found a shadowy altar of Dithmenos.
  1017 | D        | Found a sparkling altar of Nemelex Xobeh.
  1017 | D        | Found a corrupted altar of Lugonu.
  1017 | D        | Found an opulent altar of Gozag.
  1026 | D        | Killed a spatial vortex
  1069 | D        | Noticed Snorg
  1083 | D        | Killed Snorg
  1083 | D        | Reached skill level 14 in Maces & Flails
  1083 | D        | Reached skill level 10 in Dodging
  1371 | D        | Noticed an earth elemental
  1398 | D        | Killed an earth elemental
  1507 | D        | Noticed a centaur
  1507 | D        | Noticed a centaur warrior
  1507 | D        | Noticed a centaur
  1520 | D        | Killed a centaur warrior
  1520 | D        | Reached skill level 15 in Maces & Flails
  1520 | D        | Reached XP level 9. HP: 42/84 MP: 8/8
  1523 | D        | Killed a centaur
  1527 | D        | Killed a centaur
  1527 | D        | Received a gift from Trog
  1529 | D        | Killed a yaktaur
  1843 | D        | Found Obanimul's Assorted Antiques.
  1847 | D        | Noticed an orc wizard
  1848 | D        | Noticed an orc high priest
  1849 | D        | Noticed an orc wizard
  1852 | D        | Killed an orc high priest
  1853 | D        | Killed an orc wizard
  1853 | D        | Received a gift from Trog
  1859 | D        | Noticed an orc priest
  1859 | D        | Noticed an orc warrior
  1859 | D        | Killed an orc warrior
  1860 | D        | Noticed an orc wizard
  1860 | D        | Killed an orc priest
  1860 | D        | Received a gift from Trog
  1863 | D        | Killed an orc wizard
  1869 | D        | Noticed an orc high priest
  1874 | D        | Noticed a smoke demon
  1876 | D        | Noticed an orange demon
  1880 | D        | Killed an orc high priest
  1880 | D        | Received a gift from Trog
  1884 | D        | Killed an orc wizard
  1942 | D        | Bought a glittering glass ring for 125 gold pieces
  1942 | D        | Bought a scroll of identify for 50 gold pieces
  1942 | D        | Identified the ring of Xom's Wrath {rC+ rN+ Str-2 Int+9 SInv} (You bought it in a shop in the Dungeon)
  2005 | D        | Bought a scroll of blinking for 187 gold pieces
  2005 | D        | Bought a scroll labeled UXAHOKHL YNUYRR for 25 gold pieces
  2005 | D        | Bought a bubbling white potion for 22 gold pieces
  2028 | D        | Noticed an unseen horror
  2036 | D        | Killed an unseen horror
  2036 | D        | Reached skill level 16 in Maces & Flails
  2036 | D        | Reached XP level 10. HP: 86/93 MP: 9/9
  2090 | D        | Killed a four-headed hydra
  2099 | D        | Noticed Sigmund
  2099 | D        | Noticed Edmund
  2117 | D        | Killed Sigmund
  2117 | D        | Reached skill level 17 in Maces & Flails
  2117 | D        | Reached skill level 10 in Armour
  2117 | D        | Reached skill level 15 in Dodging
  2125 | D        | HP: 1/96 [Edmund/uncursed great mace of freezing (13)]
  2125 | D        | Slain by Edmund

Vault maps used:
D:        dungeon_sprint_mu

Action                   |  1- 3 |  4- 6 |  7- 9 | 10-12 || total
-------------------------+-------+-------+-------+-------++-------
Melee: Mace              |    22 |    26 |    70 |       ||   118
       Dire flail        |       |       |    24 |    18 ||    42
Invok: Berserk           |       |     1 |     2 |     1 ||     4
       Burn Spellbooks   |       |       |     1 |       ||     1
       Brothers in Arms  |       |       |     2 |     1 ||     3
  Use: Scroll            |       |     5 |     1 |       ||     6
       Potion            |       |     3 |     1 |     2 ||     6
 Stab: Sleeping          |       |       |     1 |       ||     1
  Eat: Royal jelly       |       |     1 |     1 |       ||     2
       Chunk             |       |       |     3 |       ||     3
